 Dungeon Crawl Stone Soup version 0.27-a0-203-gd48b2df3c9 (webtiles) character file.

Game seed: 17755771958461038887

49 KCGemini the Ducker (level 3, 25/25 HPs)
             Began as a Felid Berserker on Jan 31, 2021.
             Was a Follower of Trog.
             Quit the game in a sewer.
             The game lasted 00:02:35 (2721 turns).

KCGemini the Ducker (Felid Berserker)               Turns: 2721, Time: 00:02:36

Health: 25/25      AC:  1    Str: 13    XL:     3   Next: 51%
Magic:  13/13      EV: 20    Int:  8    God:    Trog [*.....]
Gold:   186        SH:  0    Dex: 16    Spells: 2/2 levels left
                                        Lives:  0   Deaths: 1

rFire    . . .     SeeInvis +     - Unarmed
rCold    . . .     Faith    .   (shield unavailable)
rNeg     . . .     Spirit   .   (armour unavailable)
rPois    .         Reflect  .   (helmet unavailable)
rElec    .         Harm     .   (cloak unavailable)
rCorr    .         Rampage  .   (gloves unavailable)
Will     .....                  (boots unavailable)
Stlth    ..........             (no amulet)
HPRegen  0.08/turn              b - ring of magical power
MPRegen  0.13/turn              (no ring)

@: berserking, very quick
A: very small, no armour, no weapons or thrown items, stealth, claws 1, fangs 3,
see invisible, speed 1, shaggy fur 1, sharp paws
a: Renounce Religion, Berserk


You were in a sewer.
You worshipped Trog.
Trog was aware of your devotion.
You visited 1 branch of the dungeon, and saw 3 of its levels.
You also visited: Sewer.

You collected 186 gold pieces.

Inventory:

Jewellery
 b - a ring of magical power (left paw)
Wands
 j - a wand of polymorph (7)
Scrolls
 c - a scroll of enchant weapon {unknown}
 d - 4 scrolls of identify {unknown}
 e - 2 scrolls of remove curse {unknown}
 h - a scroll of immolation {unknown}


   Skills:
 + Level 3.5 Fighting
 + Level 4.7 Dodging
 + Level 2.5 Stealth
 * Level 4.1 Unarmed Combat


You had 2 spell levels left.
You didn't know any spells.
Your spell library was empty.

Dungeon Overview and Level Annotations

Branches:
Dungeon (3/15)              Sewer (1/1)

Altars:


Innate Abilities, Weirdness & Mutations

You cannot wear armour.
You are incapable of wielding weapons or throwing items.
Your paws allow you to move quietly. (Stealth)
You have sharp claws.
You have razor-sharp teeth.
You have supernaturally acute eyesight. (SInv)
You cover ground quickly.
You are covered in fur. (AC +1)
Your sharp claws are effective at attacking unaware monsters.


Message History

You feel yourself slow down.
* * * LOW HITPOINT WARNING * * *
You feel sick.
It was a potion of lignification.
You turn into a tree.
Your roots penetrate the ground.
* * * LOW HITPOINT WARNING * * *
You feel sick.
It was a potion of cancellation.
Your magical effects are unravelling.
You feel magically purged.
You feel less wooden.
You feel yourself speed up.
It was a potion of attraction.
You feel attractive to monsters.
You die...
You feel sick.
You are now level 3!
You rejoin the land of the living...
It was a potion of berserk rage.
A red film seems to cover your vision as you go berserk!
You feel yourself moving faster!
You feel mighty!

.≈.....≈.≈≈≈≈≈.
##≈.≈..≈..≈##.≈
##≈..≈...## ≈
#..≈....#
≈≈≈≈.≈≈≈.###
≈≈≈≈.≈##
#..≈≈.# #≈...#
#@≈.# #.≈.#
#.≈.# #≈≈≈#
≈≈≈≈≈ ≈###≈# ≈
≈# #. .#


There were no monsters in sight!

Vanquished Creatures
  A river rat (D:3)
  5 adders
  A worm (D:2)
  3 dart slugs
  2 leopard geckos (D:1)
  An orc (D:3)
  A ball python (D:1)
  4 giant cockroaches
  4 goblins
  A hobgoblin (D:1)
  4 kobolds
  A quokka (D:2)
  2 bats
  3 frilled lizards
  8 rats
41 creatures vanquished.

Notes
Turn   | Place    | Note
-------+----------+-------------------------------------------
     0 | D:1      | KCGemini the Felid Berserker began the quest for the Orb.
     0 | D:1      | Reached XP level 1. HP: 10/10 MP: 2/2
   474 | D:1      | Reached XP level 2. HP: 14/14 MP: 3/3
   479 | D:1      | Reached skill level 1 in Stealth
  1644 | D:2      | Reached XP level 3. HP: 16/17 MP: 4/4
  2471 | D:3      | Reached XP level 4. HP: 21/21 MP: 5/5
  2704 | D:3      | Found a glowing drain.
  2714 | Sewer    | Entered a sewer
  2716 | Sewer    | HP: 1/21 [poisoned by an adder]
  2719 | Sewer    | Succumbed to an adder's poison
  2720 | Sewer    | Reached XP level 3. HP: 0/17 MP: 13/13
  2721 | Sewer    | Quit the game

Illustrated notes

Levels and vault maps discovered:
D:1:      arrival_zaba_pyramid, layout_basic
D:2:      layout_loops_ring
D:3:      layout_loops_ring, lightli_sewer_entry_pipes,
          kennysheep_generic_room_14, uniq_crazy_yiuf_cottage
Sewer:    sewer_co_tree

Skill      XL: |  1  2  3  4 |
---------------+-------------+-----
Stealth        | 1 2 |  2.5
Unarmed Combat | 4 |  4.1
Fighting       | |  3.5
Dodging        | |  4.7

Action                   |  1- 3 |  4- 6 || total
-------------------------+-------+-------++-------
Melee: Unarmed           |    87 |    12 ||    99
       Bite              |     9 |       ||     9
       Punch             |     1 |       ||     1
Invok: Berserk           |     2 |     2 ||     4
  Use: Potion            |     1 |     3 ||     4
 Stab: Sleeping          |     8 |     1 ||     9
Armor: Skin              |     3 |       ||     3
Dodge: Dodged            |    50 |    19 ||    69

Table legend: (Time is in decaauts)
 A = Elapsed time spent in this place.
 B = Non-inter-level travel time spent in this place.
 C = Inter-level travel time spent in this place.
 D = Time resting spent in this place.
 E = Time spent auto-exploring this place.
 F = Levels seen in this place.
 G = Mean time per level.
                   A        B        C        D        E       F      G
               +--------+--------+--------+--------+--------+-----+--------+
         Total |   2508 |   2466 |     42 |    623 |   1443 |   4 |  627.0 |
       Dungeon |   2502 |   2460 |     42 |    623 |   1443 |   3 |  834.0 |
         Sewer |      6 |      6 |      0 |      0 |      0 |   1 |    6.0 |
               +--------+--------+--------+--------+--------+-----+--------+

Top non-repeatable levels by time:
     D:1: 1492 daAuts
     D:2: 591 daAuts
     D:3: 418 daAuts
   Sewer: 6 daAuts
